 Dungeon Crawl Stone Soup version 0.28-a0-1435-g82390b3a13 (webtiles) character file.

Game seed: 16752443223684758576

109 Hasart the Skirmisher (level 4, -4/48 HPs)
             Began as an Ogre Warper on Jan 9, 2022.
             Slain by Ijyb (5 damage)
             ... on level 3 of the Dungeon.
             The game lasted 00:04:43 (3781 turns).

Hasart the Skirmisher (Ogre Warper)                 Turns: 3781, Time: 00:04:43

Health: -4/48      AC:  3    Str: 17    XL:     4   Next: 90%
Magic:  7/7        EV:  9    Int: 14    God:
Gold:   89         SH:  0    Dex:  8    Spells: 7/7 levels left

rFire   + + .      SeeInvis .   a - +0 hand axe
rCold   + . .      Faith    .   (no shield)
rNeg    . . .      Spirit   .   b - +0 robe
rPois   +          Reflect  .   (helmet restricted)
rElec   +          Harm     .   (no cloak)
rCorr   +          Rampage  .   (gloves unavailable)
Will    .....                   (boots unavailable)
Stlth   +.........              (no amulet)
HPRegen 0.16/turn               m - ring of protection from fire
MPRegen 0.10/turn               (no ring)

@: resistant, flying, hasted, very quick
A: large, unfitting armour, tough skin 1
a: no special abilities


You were on level 3 of the Dungeon.
You visited 1 branch of the dungeon, and saw 3 of its levels.

You collected 89 gold pieces.

Inventory:

Hand Weapons
 a - a +0 hand axe (weapon)
Missiles
 d - 6 boomerangs (quivered)
 n - 16 poisoned darts
Armour
 b - a +0 robe (worn)
Jewellery
 m - a ring of protection from fire (left hand)
Scrolls
 c - a scroll of blinking
 e - 4 scrolls of identify {unknown}
 f - a scroll of enchant armour {unknown}
 j - a scroll of amnesia {unknown}
 l - a scroll of torment {unknown}
 p - a scroll of fear {unknown}
Potions
 k - a potion of curing {unknown}
 o - a potion of might {unknown}


   Skills:
 + Level 4.2 Fighting
 * Level 4.2 Axes
 - Level 1.0 Throwing
 - Level 2.1 Dodging
 - Level 2.4 Spellcasting
 - Level 2.6 Translocations


You had 7 spell levels left.
You didn't know any spells.
Your spell library contained the following spells:

 Spells                   Type           Power      Damage    Failure   Level
 Blink                    Tloc           18%        N/A       12%         2
 Gell's Gravitas          Tloc           9%         N/A       22%         3
 Lesser Beckoning         Tloc           9%         N/A       22%         3
 Teleport Other           Tloc           9%         N/A       22%         3
 Manifold Assault         Tloc           9%         N/A       91%         5
 Animate Dead             Necr           0%         N/A       92%         4
 Petrify                  Tmut/Erth      1%         N/A       92%         4
 Shatter                  Erth           0%         3d5*      100%        9


Dungeon Overview and Level Annotations

Branches:
Dungeon (3/15)

Altars:

Annotations:
D:3 Ijyb


Innate Abilities, Weirdness & Mutations

You are too large for most types of armour.
You have tough skin. (AC +1)


Message History

Ijyb completely misses you. x2
You hit Ijyb.
Ijyb is severely wounded.
Ijyb hits you with a +0 club.
You closely miss Ijyb.
Ijyb is severely wounded.
Ijyb hits you with a +0 club.
* * * LOW HITPOINT WARNING * * *
You barely miss Ijyb.
Ijyb is severely wounded.
Ijyb hits you with a +0 club.
* * * LOW HITPOINT WARNING * * *
You hit Ijyb but do no damage.
Ijyb is severely wounded.
Ijyb closely misses you.
It was a potion of resistance.
You feel protected. Ijyb hits you with a +0 club.
* * * LOW HITPOINT WARNING * * *
You hit Ijyb.
Ijyb is severely wounded.
Ijyb closely misses you.
You closely miss Ijyb.
Ijyb is severely wounded.
Ijyb closely misses you.
You closely miss Ijyb.
Ijyb is severely wounded.
Ijyb hits you with a +0 club.
* * * LOW HITPOINT WARNING * * *
You hit Ijyb but do no damage.
Ijyb is severely wounded.
Ijyb hits you with a +0 club.
* * * LOW HITPOINT WARNING * * *
It was a potion of flight.
You feel very buoyant.
You fly up into the air.
Ijyb hits you with a +0 club.
* * * LOW HITPOINT WARNING * * *
It was a potion of haste.
You feel yourself speed up. Ijyb hits you with a +0 club.
You die...

#.....#.....# #.# ##.##.##.#..#
#.# #.##.##)###.# #.# #
#..#..#..##.##############.####
###.##.##.##..........†.........#
##..#.)#..#######.##########.#...
.##.##†##.# #.# #.#.##
.#.##.##.########.##### #.#.##
....#.....#....g@.....######...##
.############.................###
...[.... ##.##.###.#######.# #
#####... ... ..# # #.# # ### ###
#.# # #.# # #.# # #.# #.#


You could see Ijyb.

Vanquished Creatures
  3 adders (D:2)
  4 worms
  3 orcs
  7 ball pythons
  6 bats
  3 endoplasms
  2 giant cockroaches (D:3)
  8 goblins
  8 hobgoblins
  A jackal (D:2)
  4 kobolds
  2 quokkas (D:2)
  5 frilled lizards
  7 rats
63 creatures vanquished.

Notes
Turn   | Place    | Note
-------+----------+-------------------------------------------
     0 | D:1      | Hasart the Ogre Warper began the quest for the Orb.
     0 | D:1      | Reached XP level 1. HP: 22/22 MP: 3/3
   240 | D:1      | Reached XP level 2. HP: 24/31 MP: 5/5
   721 | D:1      | Found a faded altar of an unknown god.
  1157 | D:2      | Reached XP level 3. HP: 3/37 MP: 6/6
  2171 | D:2      | Reached XP level 4. HP: 31/48 MP: 7/7
  2173 | D:2      | Got the Volume of the Evil Rocks
  3763 | D:3      | Noticed Ijyb
  3780 | D:3      | HP: 1/48 [Ijyb (4)]
  3781 | D:3      | Slain by Ijyb

Illustrated notes

Levels and vault maps discovered:
D:1:      dpeg_arrival_court, layout_basic,
          shapermc_ecumenical_altar_totnotflames,
          hangedman_abyss_or_decor_lesser_grid
D:2:      layout_basic, minmay_puff
D:3:      minmay_angry_zag, layout_loops_ring, serial_shops,
          nicolae_shop_hallway_stairs, uniq_ijyb

Skill      XL: |  1  2  3  4 |
---------------+-------------+-----
Fighting       | 3 4 |  4.2
Axes           | 3 4 |  4.2
Throwing       | |  1.0
Dodging        | |  2.1
Spellcasting   | |  2.4
Translocations | |  2.6

Action                   |  1- 3 |  4- 6 || total
-------------------------+-------+-------++-------
Melee: Hand axe          |   139 |   147 ||   286
       Punch             |     3 |     3 ||     6
Throw: Boomerang         |     5 |     2 ||     7
  Use: Potion            |     1 |     3 ||     4
Armor: Robe              |    43 |    42 ||    85
       Skin              |     4 |       ||     4
Dodge: Dodged            |    61 |    79 ||   140

Table legend: (Time is in decaauts)
 A = Elapsed time spent in this place.
 B = Non-inter-level travel time spent in this place.
 C = Inter-level travel time spent in this place.
 D = Time resting spent in this place.
 E = Time spent auto-exploring this place.
 F = Levels seen in this place.
 G = Mean time per level.
                   A        B        C        D        E       F      G
               +--------+--------+--------+--------+--------+-----+--------+
         Total |   3820 |   3746 |     74 |    604 |   2464 |   3 | 1273.3 |
       Dungeon |   3820 |   3746 |     74 |    604 |   2464 |   3 | 1273.3 |
               +--------+--------+--------+--------+--------+-----+--------+

Top non-repeatable levels by time:
     D:2: 1828 daAuts
     D:1: 1385 daAuts
     D:3: 606 daAuts
